 Dungeon Crawl Stone Soup version 0.29-a0-802-g34511f41fd (webtiles) character file.

Game seed: 18385520300045251925

2 polve the Trooper (level 1, -1/18 HPs)
             Began as a Demonspawn Abyssal Knight on July 3, 2022.
             Was a Follower of Lugonu.
             Slain by a kobold
             ... wielding a +0 dagger
              (3 damage)
             ... on level 1 of the Dungeon.
             The game lasted 00:00:14 (315 turns).

polve the Trooper (Demonspawn Abyssal Knight)        Turns: 315, Time: 00:00:14

Health: -1/18      AC:  3    Str: 13    XL:     1   Next: 25%
Magic:  2/2        EV: 11    Int: 11    God:    Lugonu [*.....]
Gold:   0          SH:  0    Dex: 13    Spells: 0/0 levels left

rFire   . . .      SeeInvis .   a - +1 short sword
rCold   . . .      Faith    .   (no shield)
rNeg    . . .      Spirit   .   b - +0 leather armour
rPois   .          Reflect  .   (no helmet)
rElec   .          Harm     .   (no cloak)
rCorr   .          Rampage  .   (no gloves)
Will    .....                   (no boots)
Stlth   +.........              (no amulet)
HPRegen 0.06/turn               (no ring)
MPRegen 0.08/turn               (no ring)

@: no status effects
A: no striking features
a: Renounce Religion, Depart the Abyss


You were on level 1 of the Dungeon.
You worshipped Lugonu.
Lugonu was aware of your devotion.
You visited 1 branch of the dungeon, and saw 1 of its levels.
You visited the Abyss 1 time.

Inventory:

Hand Weapons
 a - a +1 short sword (weapon)
Armour
 b - a +0 leather armour (worn)


   Skills:
 - Level 3.0 Fighting
 + Level 2.0 Short Blades
 - Level 1.7 Armour
 - Level 0.8 Dodging
 - Level 2.4 Invocations


You couldn't memorise any spells.
You didn't know any spells.
Your spell library was empty.

Dungeon Overview and Level Annotations

Branches:
Dungeon (1/15)

Altars:

Annotations:
D:1 2 transporters


Message History

The hobgoblin is moderately wounded.
The kobold closely misses you. The goblin barely misses you.
The hobgoblin hits you.
You hit the hobgoblin but do no damage.
The hobgoblin is moderately wounded.
The kobold barely misses you. The goblin hits you but does no damage.
The hobgoblin hits you.
You closely miss the hobgoblin.
The hobgoblin is moderately wounded.
The kobold hits you with a +0 dagger.
The hobgoblin hits you but does no damage.
The goblin hits you but does no damage.
You are too injured to fight recklessly!
You are too injured to fight recklessly!
You are too injured to fight recklessly!
You are too injured to fight recklessly!
You are too injured to fight recklessly!
You are too injured to fight recklessly!
The goblin attacks as you move away! The goblin closely misses you.
The kobold throws a stone.
The stone barely misses you.
You barely miss the hobgoblin.
The hobgoblin is moderately wounded.
The goblin misses you. The hobgoblin hits you.
You hit the hobgoblin.
The hobgoblin is severely wounded.
The goblin hits you with a +0 club. The hobgoblin hits you.
You barely miss the hobgoblin.
The hobgoblin is severely wounded.
The kobold hits you but does no damage. The goblin hits you but does no damage.
The hobgoblin hits you.
* * * LOW HITPOINT WARNING * * *
You barely miss the hobgoblin.
The hobgoblin is severely wounded.
The kobold hits you but does no damage. The hobgoblin misses you.
The goblin hits you with a +0 club.
* * * LOW HITPOINT WARNING * * *
You closely miss the hobgoblin.
The hobgoblin is severely wounded.
The kobold hits you with a +0 dagger.
You die...

#####≈≈≈≈≈ .....≈≈≈≈≈≈
#### .....≈≈≈...≈≈≈≈≈
###...###....≈≈.©>©.≈≈≈≈
##.......##...≈≈≈.⌠.≈≈≈≈≈
#8...8.K......≈≈≈≈≈≈≈≈≈≈≈
#_.....g@8....≈≈≈≈≈≈≈≈≈≈≈
#8...8.g......#≈≈≈≈≈≈≈≈≈≈
##.......##...#≈≈≈≈≈≈.⌠.≈
###...###....#≈≈≈≈≈.©<©.
######......#≈≈≈≈≈...≈
.........#≈≈≈≈≈≈.≈≈
..........#≈≈≈≈≈≈≈.≈
..........##≈≈≈≈≈.≈≈
..........###≈≈≈.≈≈≈


You could see a hobgoblin, a goblin and a kobold.

Vanquished Creatures
  A goblin (D:1)
  A frilled lizard (D:1)
2 creatures vanquished.

Notes
Turn   | Place    | Note
-------+----------+-------------------------------------------
     0 | Abyss:1  | polve the Demonspawn Abyssal Knight began the quest for the
                  | Orb.
     0 | Abyss:1  | Reached XP level 1. HP: 18/18 MP: 2/2
    59 | Abyss:1  | Found a corrupted altar of Lugonu.
    73 | Abyss:1  | Found a corrupted altar of Lugonu.
   242 | Abyss:1  | Noticed a large abomination
   243 | D:1      | Escaped the Abyss
   243 | D:1      | Found a transporter.
   243 | D:1      | Found a transporter.
   305 | D:1      | Found a faded altar of an unknown god.
   315 | D:1      | Slain by a kobold

Illustrated notes

Levels and vault maps discovered:
D:1:      spicycebolla_arrival_transporter_tutorial, layout_basic,
          hellmonk_ecumenical_altar_prayer_group

Skill      XL: |  1 |
---------------+----+-----
Short Blades   | 2 |  2.0
Fighting       | |  3.0
Armour         | |  1.7
Dodging        | |  0.8
Invocations    | |  2.4

Action                   || total
-------------------------++-------
Melee: Short sword       ||    12
Invok: Depart the Abyss  ||     1
Armor: Leather armour    ||     8
Dodge: Dodged            ||     8

Table legend: (Time is in decaauts)
 A = Elapsed time spent in this place.
 B = Non-inter-level travel time spent in this place.
 C = Inter-level travel time spent in this place.
 D = Time resting spent in this place.
 E = Time spent auto-exploring this place.
 F = Levels seen in this place.
 G = Mean time per level.
                   A        B        C        D        E       F      G
               +--------+--------+--------+--------+--------+-----+--------+
         Total |    314 |    314 |      0 |      0 |    289 |   2 |  157.0 |
       Dungeon |     71 |     71 |      0 |      0 |     49 |   1 |   71.0 |
         Abyss |    243 |    243 |      0 |      0 |    240 |   1 |  243.0 |
               +--------+--------+--------+--------+--------+-----+--------+

Top non-repeatable levels by time:
 Abyss:1: 243 daAuts
     D:1: 71 daAuts
